 Dungeon Crawl Stone Soup version 0.30-a0-1160-g6e42c06551 (webtiles) character file.

Game seed: 16151145495281120379

72 cheesebisquit the Firebug (level 4, -1/33 HPs)
             Began as a Draconian Fire Elementalist on Apr 25, 2023.
             Killed by divine providence
             ... invoked by an orc priest
              (12 damage)
             ... on level 3 of the Dungeon.
             The game lasted 00:07:45 (1897 turns).

cheesebisquit the Firebug (DrFE)                    Turns: 1897, Time: 00:07:46

Health: -1/33      AC:  5    Str: 10    XL:     4   Next: 7%
Magic:  4/7        EV: 12    Int: 17    God:
Gold:   27         SH:  0    Dex: 12    Spells: 6/7 levels left

rFire   . . .        h - +2 dagger (drain)
rCold   . . .        (no shield)
rNeg    . . .        (body armour unavailable)
rPois   .            l - +0 hat
rElec   .            (no cloak)
rCorr   .            (no gloves)
SInv    .            (no boots)
Will    +....        (no amulet)
Stlth   ++           k - +4 ring of slaying
HPRegen 0.25/turn    r - ring of willpower
MPRegen 0.10/turn

%: no passive effects
@: no status effects
A: AC +5, unfitting armour, cold-blooded
a: no special abilities


You were on level 3 of the Dungeon.
You visited 1 branch of the dungeon, and saw 3 of its levels.

You collected 137 gold pieces.
You spent 110 gold pieces at shops.

Inventory:

Hand Weapons
 h - a +2 dagger of draining (weapon)
Missiles
 f - a throwing net
 j - 2 boomerangs
 s - 9 poisoned darts
Armour
 l - a +0 hat (worn)
Jewellery
 k - a +4 ring of slaying (left hand)
 n - a ring of ice
 p - a ring of ice
 r - a ring of willpower (right hand)
 t - a ring of positive energy
Scrolls
 a - 2 scrolls of teleportation
 b - a scroll of silence
 e - 3 scrolls of amnesia
 g - a scroll of blinking {unknown}
Potions
 c - a potion of brilliance {unknown}
 d - 3 potions of curing
 i - a potion of cancellation
 m - 2 potions of haste
 o - a potion of berserk rage
 q - 2 potions of might {unknown}


   Skills:
 - Level 1.7 Dodging
 - Level 1.7 Stealth
 - Level 2.0 Spellcasting
 - Level 1.0 Conjurations
 + Level 5.0 Fire Magic


You had 6 spell levels left.
You knew the following spells:

 Your Spells              Type           Power      Damage    Failure   Level
a - Foxfire               Conj/Fire      44%        2x1d6     5%          1

Your spell library contained the following spells:

 Spells                   Type           Power      Damage    Failure   Level
 Scorch                   Fire           36%        2d6       3%          2
 Inner Flame              Hex/Fire       10%        N/A       21%         3
 Volatile Blastmotes      Fire/Tloc      20%        2d11      21%         3
 Lesser Beckoning         Tloc           2%         N/A       28%         2
 Gell's Gravitas          Tloc           1%         N/A       50%         3
 Teleport Other           Tloc           1%         N/A       50%         3
 Flame Wave               Conj/Fire      11%        2d6       50%         4


Dungeon Overview and Level Annotations

Branches:
Dungeon (3/15)

Altars:

Shops:
D:2 [?!!

Annotations:
D:3 1 transporter, logorrheac's ghost, amateur GrEE


Innate Abilities, Weirdness & Mutations

Your plain brown scales are hard. (AC +5)
You cannot fit into any form of body armour.
You are cold-blooded and may be slowed by cold attacks.


Message History

You can access your shopping list by pressing '$'.
You now have 20 gold pieces (gained 15).
You now have enough gold to buy a scroll of identify on D:2.
You can access your shopping list by pressing '$'.
You now have 27 gold pieces (gained 7).
Found a stone staircase leading up.
s - 9 poisoned darts (gained 3)
t - a ring of positive energy You see here a +0 dagger.
m - 2 potions of haste (gained 1)
An orc priest comes into view. It is wielding a +0 hand axe.
Found a knobbly diamond ring.
The orc priest shouts!
You hear a shout!
You conjure some foxfire!
The orc priest invokes the aid of Beogh against you.
Beogh smites you!
The foxfire hits the orc priest.
The orc priest is moderately wounded.
The foxfire hits the orc priest.
The orc priest is heavily wounded.
You conjure some foxfire!
An orc comes into view. It is wielding a +0 whip.
The orc shouts!
You hear a shout!
The foxfire hits the orc priest.
The orc priest is heavily wounded.
The orc priest mumbles some strange prayers to Beogh against you.
Beogh smites you!
The foxfire hits the orc priest.
The orc priest is severely wounded.
An orc comes into view. It is wielding a +0 dagger.
You are too injured to fight recklessly!
Casting: Foxfire (safe; 5% risk of failure)
Press: ? - help, Q - select action, (/) - cycle Dir - look around, f - activate You conjure some foxfire!
Okay, then.
The foxfire hits the orc priest.
The orc priest is almost dead.
An orc wizard comes into view. It is wielding a +0 dagger.
The orc priest invokes the aid of Beogh against you.
Beogh smites you!
You die...

#.# # ..### ..# #.o .
#....#..# #o# . #..#.#..
..# .##......#######.##
#...###........#o.
#.#.#(#.#..###.#v# #
....#.#........#§###...#
#...†.....#....§@§......
..†##)##.........§......
##.#...#.###...#.#......
[..........#.#.#.#.#..=#
##.#..)#.###...#.# # ...
...##.##.........# ..
#.........#..##### .
....#.#......######
..#.#.#.#.....<.^..


You could see an orc priest (ally target), an orc wizard and an orc.

Vanquished Creatures
  A gnoll (D:1)
  An adder (D:3)
  2 dart slugs
  7 endoplasms
  4 giant cockroaches
  4 goblins
  2 hobgoblins (D:2)
  2 jackals (D:1)
  2 quokkas
  2 ball pythons (D:1)
  5 bats
  4 frilled lizards
  8 kobolds
  4 rats
48 creatures vanquished.

Vanquished Creatures (others)
  118 foxfires
118 creatures vanquished.

Grand Total: 166 creatures vanquished

Notes
Turn   | Place    | Note
-------+----------+-------------------------------------------
     0 | D:1      | cheesebisquit the Draconian Fire Elementalist began the
                  | quest for the Orb.
     0 | D:1      | Reached XP level 1. HP: 14/14 MP: 3/3
   204 | D:1      | Reached XP level 2. HP: 4/20 MP: 5/5
   292 | D:1      | Reached skill level 4 in Fire Magic
   558 | D:1      | Reached XP level 3. HP: 25/26 MP: 4/6
  1137 | D:2      | Found Gahay's Distillery.
  1145 | D:2      | Bought a potion of curing for 42 gold pieces
  1145 | D:2      | Bought a potion of curing for 42 gold pieces
  1193 | D:2      | Found Wanymix's Magic Scroll Boutique.
  1218 | D:2      | Bought a scroll of identify for 26 gold pieces
  1352 | D:2      | Found Agrotakh's Armour Boutique.
  1444 | D:2      | Found Deploici's Distillery.
  1610 | D:3      | Found a transporter.
  1612 | D:3      | Noticed logorrheac's ghost (amateur GrEE)
  1774 | D:3      | Reached XP level 4. HP: 30/33 MP: 1/7
  1778 | D:3      | Reached skill level 5 in Fire Magic
  1897 | D:3      | Killed from afar by an orc priest

Illustrated notes

Levels and vault maps discovered:
D:1:      lightli_arrival_statuegarden, layout_basic
D:2:      layout_basic, serial_shops, nicolae_shop_back_alley_shop,
          nicolae_shop_getting_attention, shop, shop
D:3:      layout_loops_ring, gammafunk_ghost_mausoleum, minmay_fractal_squares_5

Skill      XL: |  1  2  3  4 |
---------------+-------------+-----
Fire Magic     | 4 5 |  5.0
Dodging        | |  1.7
Stealth        | |  1.7
Spellcasting   | |  2.0
Conjurations   | |  1.0

Action                     |  1- 3 |  4- 6 || total
---------------------------+-------+-------++-------
  Melee: Unarmed           |    19 |       ||    19
         Dagger            |    18 |     3 ||    21
         Tailslap          |     4 |       ||     4
   Cast: Foxfire           |    66 |     5 ||    71
    Use: Potion            |     1 |       ||     1
         Scroll            |     6 |       ||     6
 Armour: Skin              |    21 |       ||    21
  Dodge: Dodged            |    22 |     4 ||    26

Table legend: (Time is in decaauts)
 A = Elapsed time spent in this place.
 B = Non-inter-level travel time spent in this place.
 C = Inter-level travel time spent in this place.
 D = Time resting spent in this place.
 E = Time spent auto-exploring this place.
 F = Levels seen in this place.
 G = Mean time per level.
                   A        B        C        D        E       F      G
               +--------+--------+--------+--------+--------+-----+--------+
         Total |   1895 |   1849 |     46 |      0 |   1516 |   3 |  631.7 |
       Dungeon |   1895 |   1849 |     46 |      0 |   1516 |   3 |  631.7 |
               +--------+--------+--------+--------+--------+-----+--------+

Top non-repeatable levels by time:
     D:1: 870 daAuts
     D:2: 723 daAuts
     D:3: 301 daAuts
